TOP OF THE 1ST |
Portland Angels batting - Pitching for Calgary Flames : LHP Dae-Jung Cho
|
Pitching: LHP Dae-Jung Cho
|
|
Batting: RHB Jon Shonka
|
0-0: Foul Ball, location: 2F 0-1: Foul Ball, location: 2F 0-2: Fly out, F9 (Flyball, 9LM, EV 91.3 MPH)
|
Batting: RHB Edward Hillock
|
0-0: Ball 1-0: Swinging Strike 1-1: Ground out 1-3 (Groundball, 25, EV 74.4 MPH)
|
Batting: LHB Mario Anguiano
|
0-0: Ball 1-0: Foul Ball, location: 2F 1-1: Ball 2-1: Ball 3-1: Called Strike 3-2: Base on Balls
|
Batting: RHB Juan Rosa
|
0-0: Ball 1-0: Ball 2-0: Ball 3-0: Called Strike 3-1: Base on Balls Mario Anguiano to second
|
Batting: LHB Spencer Palmer
|
0-0: Ball 1-0: Foul Ball, location: 2F 1-1: Foul Ball, location: 2F 1-2: Ball 2-2: Ground out 4-3 (Groundball, 4, EV 88.8 MPH)
|
Top of the 1st over - 0 runs, 0 hits, 0 errors, 2 left on base; Portland 0 - Calgary 0 |
BOTTOM OF THE 1ST |
Calgary Flames batting - Pitching for Portland Angels : RHP Chris Adams
|
Pitching: RHP Chris Adams
|
|
Batting: LHB Ramon Vega
|
0-0: Ground out 5-3 (Groundball, 5L, EV 106.3 MPH)
|
Batting: RHB Ricardo Ortiz
|
0-0: Ball 1-0: Called Strike 1-1: Fly out, F8 (Line Drive, 8RD, EV 111.3 MPH)
|
Batting: RHB Wally Cangro
|
0-0: Foul Ball, location: 2F 0-1: Ball 1-1: SINGLE (Line Drive, 89S, EV 90.0 MPH)
|
Batting: RHB Adrian Cook
|
0-0: Ball Wally Cangro steals 2nd base 1-0: Ball 2-0: SINGLE (Groundball, 23, EV 70.6 MPH) (infield hit) Wally Cangro to third
|
Batting: RHB Kalidas Mishra
|
0-0: Swinging Strike 0-1: Ball Wild Pitch! Wally Cangro scores Adrian Cook to second 1-1: Foul Ball, location: 2F 1-2: Strikes out swinging
|
Bottom of the 1st over - 1 run, 2 hits, 0 errors, 1 left on base; Portland 0 - Calgary 1 |
TOP OF THE 2ND |
Portland Angels batting - Pitching for Calgary Flames : LHP Dae-Jung Cho
|
Batting: LHB Griffin Ferris
|
0-0: Called Strike 0-1: Ball 1-1: Ball 2-1: Called Strike 2-2: Strikes out swinging, 2-3 out at first.
|
Batting: RHB Dean LeCroy
|
0-0: Called Strike 0-1: Ball 1-1: Called Strike 1-2: Strikes out swinging
|
Batting: LHB Mark Reeg
|
0-0: Foul Ball, location: 2F 0-1: Called Strike 0-2: Ball 1-2: Fly out, F4 (Popup, 4S, EV 75.0 MPH)
|
Top of the 2nd over - 0 runs, 0 hits, 0 errors, 0 left on base; Portland 0 - Calgary 1 |
BOTTOM OF THE 2ND |
Calgary Flames batting - Pitching for Portland Angels : RHP Chris Adams
|
Batting: RHB Brian DeVoe
|
0-0: Called Strike 0-1: Foul Ball, location: 2F 0-2: Foul Ball, location: 2F 0-2: Reached on error, E5 (Groundball, 5, EV 88.1 MPH)
|
Batting: RHB Mike MacLeod
|
0-0: Foul Ball, location: 2F 0-1: Ball 1-1: Called Strike 1-2: Ball 2-2: Ball 3-2: Foul Ball, location: 2F 3-2: SINGLE (Line Drive, 89M, EV 93.8 MPH) Brian DeVoe to third Throwing error, E9 Brian DeVoe scores Mike MacLeod to second
|
Batting: RHB Ed Oake
|
0-0: Foul Ball, location: 2F 0-1: Ball 1-1: Ball 2-1: Foul Ball, location: 2F 2-2: Ground out 4-3 (Groundball, 4M, EV 83.8 MPH) Mike MacLeod to third
|
Batting: LHB James McCauley
|
0-0: Ball 1-0: Foul Ball, location: 2F 1-1: Foul Ball, location: 2F 1-2: SINGLE (Line Drive, 3D, EV 103.1 MPH) Mike MacLeod scores
|
Batting: LHB Ramon Vega
|
0-0: Called Strike 0-1: Ball 1-1: Ball 2-1: Ball 3-1: Fielders Choice at 2nd, 1-6 (Groundball, 13, EV 65.6 MPH)
|
Now at SS: Dan Burkhart
|
|
Batting: RHB Ricardo Ortiz
|
0-0: Ball Ramon Vega steals 2nd base 1-0: Ground out 4-3 (Groundball, 13, EV 90.0 MPH)
|
Bottom of the 2nd over - 2 runs, 2 hits, 2 errors, 1 left on base; Portland 0 - Calgary 3 |
TOP OF THE 3RD |
Portland Angels batting - Pitching for Calgary Flames : LHP Dae-Jung Cho
|
Batting: SHB Danny Gelinas
|
0-0: Ball 1-0: Ball 2-0: Foul Ball, location: 2F 2-1: Foul Ball, location: 2F 2-2: Strikes out swinging
|
Batting: RHB Dan Burkhart
|
0-0: Ball 1-0: Swinging Strike 1-1: Foul Ball, location: 2F 1-2: Strikes out looking
|
Batting: RHB Edward Hillock
|
0-0: Called Strike 0-1: Ball 1-1: Swinging Strike 1-2: Strikes out swinging
|
Top of the 3rd over - 0 runs, 0 hits, 0 errors, 0 left on base; Portland 0 - Calgary 3 |
BOTTOM OF THE 3RD |
Calgary Flames batting - Pitching for Portland Angels : RHP Chris Adams
|
Batting: RHB Wally Cangro
|
0-0: Ball 1-0: Foul Ball, location: 2F 1-1: Ground out 1-4-3 (Groundball, 15S, EV 101.9 MPH)
|
Batting: RHB Adrian Cook
|
0-0: Called Strike 0-1: Foul Ball, location: 2F 0-2: Ground out 6-3 (Groundball, 6, EV 82.5 MPH)
|
Batting: RHB Kalidas Mishra
|
0-0: Ball 1-0: Called Strike 1-1: Called Strike 1-2: Ball 2-2: SINGLE (Line Drive, 8RS, EV 98.8 MPH)
|
Batting: RHB Brian DeVoe
|
0-0: Ball 1-0: Called Strike Kalidas Mishra steals 2nd base 1-1: Ball 2-1: Foul Ball, location: 2F 2-2: Foul Ball, location: 2F 2-2: Foul Ball, location: 2F 2-2: SINGLE (Flyball, 7LS, EV 96.3 MPH) Kalidas Mishra to third Runner from 3rd tries for Home, SAFE, throw by LF to home Brian DeVoe to second
|
Batting: RHB Mike MacLeod
|
0-0: 2-RUN HOME RUN (Flyball, 7D, EV 110.6 MPH), Distance : 443 ft
|
Batting: RHB Ed Oake
|
0-0: Ball 1-0: Ground out 6-3 (Groundball, 6, EV 106.9 MPH)
|
Bottom of the 3rd over - 3 runs, 3 hits, 0 errors, 0 left on base; Portland 0 - Calgary 6 |
TOP OF THE 4TH |
Portland Angels batting - Pitching for Calgary Flames : LHP Dae-Jung Cho
|
Batting: LHB Mario Anguiano
|
0-0: Foul Ball, location: 2F 0-1: Swinging Strike 0-2: Strikes out swinging
|
Batting: RHB Juan Rosa
|
0-0: Called Strike 0-1: Foul Ball, location: 2F 0-2: Foul Ball, location: 2F 0-2: Foul Ball, location: 2F 0-2: Ball 1-2: Ball 2-2: Foul Ball, location: 2F 2-2: Hit by Pitch
|
Batting: LHB Spencer Palmer
|
0-0: Ball 1-0: Grounds into double play, 5-4-3 (Groundball, 5L, EV 90.6 MPH)
|
Top of the 4th over - 0 runs, 0 hits, 0 errors, 0 left on base; Portland 0 - Calgary 6 |
BOTTOM OF THE 4TH |
Calgary Flames batting - Pitching for Portland Angels : RHP Chris Adams
|
Batting: LHB James McCauley
|
0-0: Ball 1-0: Foul Ball, location: 2F 1-1: Ball 2-1: Called Strike 2-2: Strikes out swinging
|
Batting: LHB Ramon Vega
|
0-0: Ball 1-0: Ball 2-0: Ball 3-0: Called Strike 3-1: Swinging Strike 3-2: Foul Ball, location: 2F 3-2: Base on Balls
|
Batting: RHB Ricardo Ortiz
|
0-0: Foul Ball, location: 2F 0-1: Called Strike 0-2: Foul Ball, location: 2F 0-2: SINGLE (Groundball, 34S, EV 73.1 MPH) (infield hit) Ramon Vega to second
|
Batting: RHB Wally Cangro
|
0-0: Ball 1-0: Fly out, F3 (Line Drive, 3, EV 66.9 MPH)
|
Batting: RHB Adrian Cook
|
0-0: Swinging Strike 0-1: Called Strike 0-2: Ball 1-2: Ball 2-2: Ball 3-2: Base on Balls Ramon Vega to third Ricardo Ortiz to second
|
Batting: RHB Kalidas Mishra
|
0-0: Called Strike 0-1: Ball 1-1: Ball 2-1: Ground out 4-3 (Groundball, 34, EV 79.4 MPH)
|
Bottom of the 4th over - 0 runs, 1 hit, 0 errors, 3 left on base; Portland 0 - Calgary 6 |
TOP OF THE 5TH |
Portland Angels batting - Pitching for Calgary Flames : LHP Dae-Jung Cho
|
Batting: LHB Griffin Ferris
|
0-0: Swinging Strike 0-1: Called Strike 0-2: Strikes out swinging
|
Batting: RHB Dean LeCroy
|
0-0: Ball 1-0: Foul Ball, location: 2F 1-1: Ball 2-1: Foul Ball, location: 2F 2-2: Fly out, F7 (Flyball, 7LS, EV 90.6 MPH)
|
Batting: LHB Mark Reeg
|
0-0: Called Strike 0-1: SINGLE (Flyball, 34D, EV 89.4 MPH)
|
Batting: SHB Danny Gelinas
|
0-0: Called Strike 0-1: Foul Ball, location: 2F 0-2: Foul Ball, location: 2F 0-2: Hit by Pitch Mark Reeg to second
|
Batting: RHB Dan Burkhart
|
0-0: Swinging Strike 0-1: Ball 1-1: Fielders Choice at 2nd, 6-4 (Groundball, 6, EV 82.5 MPH)
|
Top of the 5th over - 0 runs, 1 hit, 0 errors, 2 left on base; Portland 0 - Calgary 6 |
BOTTOM OF THE 5TH |
Calgary Flames batting - Pitching for Portland Angels : RHP Chris Adams
|
Batting: RHB Brian DeVoe
|
0-0: Called Strike 0-1: Foul Ball, location: 2F 0-2: Ground out 6-3 (Groundball, 6, EV 81.3 MPH)
|
Batting: RHB Mike MacLeod
|
0-0: Called Strike 0-1: Ball 1-1: Swinging Strike 1-2: SINGLE (Line Drive, 78S, EV 109.4 MPH)
|
Pitching: RHP Adam Hefner
|
|
Batting: RHB Ed Oake
|
0-0: Ball 1-0: Called Strike 1-1: Foul Ball, location: 2F 1-2: Ball 2-2: Ball 3-2: Strikes out looking
|
Batting: LHB James McCauley
|
0-0: Ball 1-0: DOUBLE (Line Drive, 7LM, EV 110.0 MPH) Mike MacLeod to third
|
Batting: LHB Ramon Vega
|
0-0: Ball 1-0: Swinging Strike 1-1: Foul Ball, location: 2F 1-2: Foul Ball, location: 2F 1-2: Strikes out swinging
|
Bottom of the 5th over - 0 runs, 2 hits, 0 errors, 2 left on base; Portland 0 - Calgary 6 |
TOP OF THE 6TH |
Portland Angels batting - Pitching for Calgary Flames : LHP Dae-Jung Cho
|
Batting: RHB Edward Hillock
|
0-0: Called Strike 0-1: Ground out 6-3 (Groundball, 6, EV 102.5 MPH)
|
Batting: LHB Mario Anguiano
|
0-0: Called Strike 0-1: Swinging Strike 0-2: Strikes out looking
|
Batting: RHB Juan Rosa
|
0-0: Called Strike 0-1: Fly out, F8 (Flyball, 8LXD, EV 98.1 MPH)
|
Top of the 6th over - 0 runs, 0 hits, 0 errors, 0 left on base; Portland 0 - Calgary 6 |
BOTTOM OF THE 6TH |
Calgary Flames batting - Pitching for Portland Angels : RHP Adam Hefner
|
Batting: RHB Ricardo Ortiz
|
0-0: Ball 1-0: Ball 2-0: Swinging Strike 2-1: SINGLE (Flyball, 8LS, EV 93.1 MPH)
|
Batting: RHB Wally Cangro
|
0-0: Ball 1-0: Swinging Strike 1-1: Called Strike 1-2: Reached on error, E4 (Groundball, 4, EV 76.3 MPH) Ricardo Ortiz to second
|
Batting: RHB Adrian Cook
|
0-0: Ball Wild Pitch! Ricardo Ortiz to third Wally Cangro to second 1-0: Called Strike 1-1: Ball 2-1: Fly out, F9 (Flyball, 89M, EV 96.3 MPH)
|
Batting: RHB Kalidas Mishra
|
0-0: 3-RUN HOME RUN (Flyball, 78XD, EV 114.4 MPH), Distance : 448 ft
|
Batting: RHB Brian DeVoe
|
0-0: Foul Ball, location: 2F 0-1: Ball 1-1: Called Strike 1-2: Ground out 4-3 (Groundball, 4, EV 86.3 MPH)
|
Batting: RHB Mike MacLeod
|
0-0: Ball 1-0: Fly out, F8 (Line Drive, 8RM, EV 86.9 MPH)
|
Bottom of the 6th over - 3 runs, 2 hits, 1 error, 0 left on base; Portland 0 - Calgary 9 |
TOP OF THE 7TH |
Portland Angels batting - Pitching for Calgary Flames : LHP Dae-Jung Cho
|
Batting: LHB Spencer Palmer
|
0-0: Called Strike 0-1: Ball 1-1: Foul Ball, location: 2F 1-2: Strikes out looking
|
Batting: LHB Griffin Ferris
|
0-0: Fly out, F8 (Flyball, 78M, EV 89.4 MPH)
|
Batting: RHB Dean LeCroy
|
0-0: Foul Ball, location: 2F 0-1: Called Strike 0-2: Strikes out swinging
|
Top of the 7th over - 0 runs, 0 hits, 0 errors, 0 left on base; Portland 0 - Calgary 9 |
BOTTOM OF THE 7TH |
Calgary Flames batting - Pitching for Portland Angels : RHP Adam Hefner
|
Batting: RHB Ed Oake
|
0-0: Called Strike 0-1: Ball 1-1: Ball 2-1: Ball 3-1: Base on Balls
|
Batting: LHB James McCauley
|
0-0: SINGLE (Groundball, 4, EV 101.3 MPH) Ed Oake to second
|
Batting: LHB Ramon Vega
|
0-0: Ball 1-0: Ball 2-0: SINGLE (Groundball, 34D, EV 102.5 MPH) Ed Oake to third James McCauley to second Runner from 3rd tries for Home, SAFE, throw by RF to home
|
Pinch Hitting: RHB Brian Klinkner
|
0-0: Foul Ball, location: 2F 0-1: Swinging Strike 0-2: Ball 1-2: Ball 2-2: Ball 3-2: SINGLE (Groundball, 56D, EV 98.1 MPH) James McCauley to third Ramon Vega to second
|
Pitching: RHP Eli Mercedes
|
|
Batting: RHB Wally Cangro
|
0-0: Ball 1-0: Swinging Strike 1-1: Called Strike 1-2: Fly out, F6 (Popup, 6MD, EV 61.9 MPH)
|
Batting: RHB Adrian Cook
|
0-0: Ball 1-0: Fly out, F9 (Flyball, 9S, EV 80.6 MPH)
|
Batting: RHB Kalidas Mishra
|
0-0: Ball 1-0: Fly out, F7 (Flyball, 7, EV 89.4 MPH)
|
Bottom of the 7th over - 1 run, 3 hits, 0 errors, 3 left on base; Portland 0 - Calgary 10 |
TOP OF THE 8TH |
Portland Angels batting - Pitching for Calgary Flames : LHP Dae-Jung Cho
|
Now at 1B: Kevin Davis
|
|
Pinch Hitting: RHB Khalil Thurston
|
0-0: Foul Ball, location: 2F 0-1: Ball 1-1: Called Strike 1-2: Foul Ball, location: 2F 1-2: Strikes out swinging
|
Pinch Hitting: RHB T.J. Gray
|
0-0: Called Strike 0-1: Ball 1-1: Foul Ball, location: 2F 1-2: Strikes out looking
|
Batting: RHB Dan Burkhart
|
0-0: Ball 1-0: Ball 2-0: Ball 3-0: Base on Balls
|
Batting: RHB Edward Hillock
|
0-0: Fielders Choice at 2nd, 5-4 (Groundball, 56, EV 87.5 MPH)
|
Top of the 8th over - 0 runs, 0 hits, 0 errors, 1 left on base; Portland 0 - Calgary 10 |
BOTTOM OF THE 8TH |
Calgary Flames batting - Pitching for Portland Angels : RHP Eli Mercedes
|
Now at 3B: Sean Rocha
|
|
Now in LF: T.J. Gray
|
|
Batting: RHB Brian DeVoe
|
0-0: Called Strike 0-1: Ball 1-1: Ball 2-1: Called Strike 2-2: Fly out, F9 (Flyball, 9S, EV 91.3 MPH)
|
Batting: RHB Mike MacLeod
|
0-0: Ball 1-0: Ball 2-0: Foul Ball, location: 2F 2-1: Ball 3-1: Base on Balls
|
Pitching: RHP Manuel Vega
|
|
Batting: RHB Ed Oake
|
0-0: Ball 1-0: Foul Ball, location: 2F 1-1: Ball 2-1: Fielders Choice at 2nd, 2-4 (Groundball, 2L, EV 71.9 MPH)
|
Batting: LHB James McCauley
|
0-0: Called Strike 0-1: Swinging Strike 0-2: DOUBLE (Flyball, 78XD, EV 106.9 MPH) Ed Oake to third Runner from 3rd tries for Home, SAFE, throw by CF to home
|
Batting: LHB Ramon Vega
|
0-0: Foul Ball, location: 2F 0-1: Ball 1-1: Ball 2-1: Swinging Strike 2-2: Strikes out swinging
|
Bottom of the 8th over - 1 run, 1 hit, 0 errors, 1 left on base; Portland 0 - Calgary 11 |
TOP OF THE 9TH |
Portland Angels batting - Pitching for Calgary Flames : LHP Dae-Jung Cho
|
Pinch Hitting: SHB Adrian Orosco
|
0-0: Swinging Strike 0-1: Called Strike 0-2: Strikes out swinging
|
Batting: RHB Juan Rosa
|
0-0: Ball 1-0: Ball 2-0: Foul Ball, location: 2F 2-1: Foul Ball, location: 2F 2-2: Foul Ball, location: 2F 2-2: DOUBLE (Line Drive, 78D, EV 100.6 MPH)
|
Pinch Hitting: RHB Kyle Gray
|
0-0: SINGLE (Groundball, 56D, EV 106.3 MPH) Juan Rosa to third
|
Batting: LHB Griffin Ferris
|
0-0: Foul Ball, location: 2F 0-1: Foul Ball, location: 2F 0-2: Ball 1-2: Ball 2-2: Ball 3-2: SINGLE (Groundball, 34D, EV 100.6 MPH) Juan Rosa scores Kyle Gray to second
|
Pitching: RHP Mason Broderick
|
|
Pinch Hitting: LHB Edgar van der Meeren
|
0-0: Ball 1-0: Called Strike 1-1: Ball 2-1: Foul Ball, location: 2F 2-2: Foul Ball, location: 2F 2-2: Ball 3-2: Grounds into double play, 4-6-3 (Groundball, 4, EV 81.9 MPH)
|
Top of the 9th over - 1 run, 3 hits, 0 errors, 1 left on base; Portland 1 - Calgary 11 |
|